 Dungeon Crawl Stone Soup version 0.23.2 (webtiles) character file.

Game seed: 16617277938392482938

3194 Borgoz the Slicer (level 9, -7/72 HPs)
             Began as a Ghoul Gladiator on Apr 3, 2019.
             Mangled by an ogre
             ... wielding a +0 giant spiked club
              (8 damage)
             ... on level 6 of the Dungeon.
             The game lasted 00:09:13 (5378 turns).

Borgoz the Slicer (Ghoul Gladiator)                 Turns: 5378, Time: 00:09:13

Health: -7/72      AC: 10    Str: 18    XL:     9   Next: 96%
Magic:  0/8        EV: 15    Int:  6    God:
Gold:   365        SH:  0    Dex: 10    Spells: 3/8 levels left

rFire    . . .     SeeInvis .   b - +2 dagger (drain)
rCold    + . .     Gourm    .   (no shield)
rNeg     + + +     Faith    .   u - +0 leather armour
rPois    ∞         Spirit   +   c - +0 helmet
rElec    .         Reflect  .   v - scarf {Spirit}
rCorr    .         Harm     .   o - +2 pair of gloves
MR       .....                  t - +0 pair of boots
Stlth    +++.......             (no amulet)
HPRegen  0.00/turn              e - ring of stealth
MPRegen  0.11/turn              (no ring)

@: rotting
A: rotting body, claws 1, carnivore, cold resistance 1, negative energy
resistance 3, inhibited regeneration, torment resistance, unbreathing
a: no special abilities


You were on level 6 of the Dungeon.
You were not hungry.

You visited 1 branch of the dungeon, and saw 6 of its levels.

You collected 365 gold pieces.

Inventory:

Hand Weapons
 a - a +0 rapier
 b - a +2 dagger of draining (weapon)
Missiles
 d - 3 tomahawks
 j - a throwing net (quivered)
Armour
 c - a +0 helmet (worn)
 o - a +2 pair of gloves (worn)
 t - a +0 pair of boots (worn)
 u - a +0 leather armour (worn)
 v - a scarf of spirit shield (worn)
Jewellery
 e - a ring of stealth (left hand)
 x - an uncursed ring of magical power
Scrolls
 i - 3 scrolls of teleportation
 m - 4 scrolls of enchant armour
 p - 2 scrolls of remove curse
Potions
 k - 2 potions of flight
 n - a potion of agility
 q - a potion of brilliance
 s - a potion of mutation {unknown}
 z - 2 potions of curing
Comestibles
 f - 8 rations


   Skills:
 + Level 4.4 Fighting
 * Level 8.4 Short Blades
 - Level 1.7 Throwing
 * Level 7.9 Armour
 * Level 8.4 Dodging
 + Level 4.5 Stealth


You had 3 spell levels left.
You knew the following spells:

 Your Spells              Type           Power        Failure   Level  Hunger
a - Confuse               Hex            #.......     86%         3    ####...
b - Ensorcelled Hibernat  Hex/Ice        #.....       65%         2    ###....

Your spell library contained the following spells:

 Spells                   Type           Power        Failure   Level  Hunger
 Corona                   Hex            #......      50%         1    ##.....
 Dazzling Spray           Conj/Hex       #.....       86%         3    ####...
 Tukima's Dance           Hex            #.......     86%         3    ####...


Dungeon Overview and Level Annotations

Branches:
Dungeon (6/15)
 Temple: D:4-7

Altars:
Cheibriados
Dithmenos
Nemelex Xobeh
Okawaru
Qazlal
Trog
Yredelemnul


Innate Abilities, Weirdness & Mutations

Your body is rotting away.
You thrive on raw meat.
You are immune to poison.
You have sharp fingernails.
You are carnivorous and can eat meat at any time.
Your flesh is cold resistant. (rC+)
You are immune to negative energy. (rN+++)
You do not regenerate when monsters are visible.
You are immune to unholy pain and torment.
You can survive without breathing.


Message History

You hit the wight but do no damage.
The wight is heavily damaged.
The wight barely misses you. The wight hits you but does no damage.
You hit the wight but do no damage.
The wight is heavily damaged.
The wight hits you with a cursed +3 long sword.
* * * LOW HITPOINT WARNING * * *
You puncture the wight!
You destroy the wight!
The wight hits you with a +3 long sword!
* * * LOW HITPOINT WARNING * * *
The wight hits you with a cursed +3 great sword of freezing.
* * * LOW HITPOINT WARNING * * *
The wight freezes you. The wight closely misses you. x2
Things that are here:
a cursed +2 battleaxe; a +0 robe You barely miss the ogre.
The ogre hits you with a +0 giant spiked club!
You die...

###.........#
##............ .
##...........(. ..
+#.............. ...
##...#.......#.## ...
##....#...#######. ##>.
#...........#####.
##....#zz%..#.###.##....
......O@....### #.......
#.......z..## #......).
##.#....................
#...#.#..#.....).....
#...####.#...........
#### ###.........)
##.....#..# #<....#.##


You could see an ogre and 3 wights.

Vanquished Creatures
  Grinder (D:3)
  A sky beast (D:5)
  A phantom (D:4)
  A necrophage (D:5)
  2 ogres (D:4)
  A centaur (D:6)
  2 scorpions
  A wight (D:6)
  A howler monkey (D:5)
  7 crimson imps
  A jelly (D:5)
  2 hounds (D:5)
  3 orc wizards
  3 orc priests
  3 iguanas
  A bullfrog skeleton (D:4)
  A worker ant (D:5)
  3 gnolls (D:5)
  4 adders
  2 river rats (D:4)
  A shadow imp (D:6)
  An ooze (D:5)
  An adder zombie (D:6)
  An adder skeleton (D:5)
  3 worms
  4 leopard geckos
  17 orcs
  6 giant cockroaches
  11 goblins
  5 hobgoblins
  7 jackals
  5 kobolds
  2 quokkas (D:5)
  3 ball pythons (D:4)
  6 bats
  9 frilled lizards
  A leopard gecko skeleton (D:5)
  10 rats
134 creatures vanquished.

Notes
Turn   | Place    | Note
-------+----------+-------------------------------------------
     0 | D:1      | Borgoz the Ghoul Gladiator began the quest for the Orb.
     0 | D:1      | Reached XP level 1. HP: 17/17 MP: 0/0
   171 | D:1      | Reached XP level 2. HP: 22/24 MP: 1/1
   538 | D:1      | Found a sparkling altar of Nemelex Xobeh.
   732 | D:1      | Reached skill level 1 in Armour
   732 | D:1      | Reached XP level 3. HP: 30/30 MP: 2/2
  1429 | D:2      | Reached skill level 1 in Stealth
  1587 | D:2      | Found a bloodstained altar of Trog.
  1587 | D:2      | Found a shadowy altar of Dithmenos.
  1598 | D:2      | Found a stormy altar of Qazlal.
  1600 | D:2      | Found a faded altar of an unknown god.
  1601 | D:2      | Found a faded altar of an unknown god.
  1784 | D:3      | Noticed Grinder
  1790 | D:3      | Paralysed by Grinder for 5 turns
  1831 | D:3      | Paralysed by Grinder for 2 turns
  1839 | D:3      | Paralysed by Grinder for 6 turns
  1852 | D:3      | Paralysed by Grinder for 4 turns
  1870 | D:3      | Paralysed by Grinder for 5 turns
  1891 | D:3      | Killed Grinder
  1891 | D:3      | Reached XP level 4. HP: 35/37 MP: 3/3
  1891 | D:3      | Reached XP level 5. HP: 41/44 MP: 4/4
  1891 | D:3      | Reached XP level 6. HP: 47/50 MP: 5/5
  2069 | D:3      | Found an iron altar of Okawaru.
  2618 | D:4      | Noticed a phantom
  2658 | D:4      | Killed a phantom
  2900 | D:4      | Reached XP level 7. HP: 47/57 MP: 4/6
  3395 | D:4      | Found a snail-covered altar of Cheibriados.
  3623 | D:5      | Entered Level 5 of the Dungeon
  3713 | D:5      | Reached XP level 8. HP: 64/66 MP: 7/7
  3937 | D:5      | Reached skill level 5 in Short Blades
  3942 | D:5      | Learned a level 3 spell: Confuse
  3945 | D:5      | Learned a level 2 spell: Ensorcelled Hibernation
  4000 | D:5      | Reached skill level 5 in Dodging
  4847 | D:6      | Reached XP level 9. HP: 26/72 MP: 7/8
  5228 | D:6      | Found a basalt altar of Yredelemnul.
  5376 | D:6      | HP: 1/72 [wight/cursed +3 great sword of freezing (4)]
  5378 | D:6      | Mangled by an ogre

Skill      XL: |  1  2  3  4  5  6  7  8 |
---------------+-------------------------+-----
Short Blades   | 3 4 8 |  8.4
Armour         | 1 2 3 7 |  7.9
Dodging        | 3 4 8 |  8.4
Stealth        | 2 3 4 |  4.5
Fighting       | 3 4 |  4.4
Throwing       | |  1.7

Action                   |  1- 3 |  4- 6 |  7- 9 || total
-------------------------+-------+-------+-------++-------
Melee: Rapier            |    24 |    15 |       ||    39
       Dagger            |   100 |    90 |   524 ||   714
Throw: Throwing net      |     6 |       |       ||     6
  Use: Scroll            |       |       |    16 ||    16
       Potion            |       |       |     2 ||     2
 Stab: Sleeping          |     9 |     5 |     9 ||    23
       Held in net/web   |     1 |       |       ||     1
       Invisible         |       |       |     3 ||     3
  Eat: Chunk             |    16 |     4 |    14 ||    34
Armor: Leather armour    |    26 |    30 |   150 ||   206
Dodge: Dodged            |    60 |    59 |   287 ||   406
